 Dungeon Crawl Stone Soup version 0.26.0-10-g1f06aea511 (webtiles) character file.

Game seed: 111511914103371835

2731 ythm the Cleaver (level 9, -9/45 HPs)
             Began as a Vine Stalker Berserker on Jan 13, 2021.
             Was an Elder of Trog.
             Mangled by a wyvern (10 damage)
             ... on level 9 of the Dungeon on Jan 14, 2021.
             The game lasted 00:11:26 (2356 turns).

ythm the Cleaver (Vine Stalker Berserker)           Turns: 2356, Time: 00:11:27

Health: -9/45      AC: 10    Str: 24    XL:     9   Next: 67%
Magic:  0/10       EV: 11    Int:  7    God:    Trog [****..]
Gold:   191        SH:  0    Dex: 13    Spells: 8/8 levels left

rFire    . . .     SeeInvis +   n - +1 war axe
rCold    . . .     Faith    .   (no shield)
rNeg     . . .     Spirit   +   p - +3 ring mail
rPois    .         Reflect  .   f - +1 hat
rElec    .         Harm     .   i - +0 cloak
rCorr    .         Rampage  .   (no gloves)
Will     +++..                  (no boots)
Stlth    +.........             l - amulet of magic regeneration
HPRegen  1.55/turn              w - ring of see invisible
MPRegen  0.37/turn              (no ring)

@: berserk cooldown, regenerating, slowed, very slow
A: fangs 3, regeneration 1, magic shield, antimagic bite, no potion heal 3
a: Renounce Religion, Berserk, Trog's Hand, Brothers in Arms


You were on level 9 of the Dungeon.
You worshipped Trog.
Trog was greatly pleased with you.
You visited 2 branches of the dungeon, and saw 11 of its levels.
You also visited: Sewer.

You collected 191 gold pieces.

Inventory:

Hand Weapons
 a - a +0 hand axe
 b - a +3 scimitar of flaming
 n - a +1 war axe (weapon)
Missiles
 d - a throwing net
Armour
 f - a +1 hat (worn)
 i - a +0 cloak (worn)
 p - a +3 ring mail (worn)
Jewellery
 l - an amulet of magic regeneration (around neck)
 w - a ring of see invisible (left hand)
Wands
 g - a wand of digging (4)
Scrolls
 q - 2 scrolls of remove curse
 t - a scroll of blinking {unknown}
 v - a scroll of immolation {unknown}
 y - a scroll of identify
Potions
 c - 2 potions of brilliance {unknown}
 e - 3 potions of curing
 h - 4 potions of flight
 j - a potion of haste {unknown}
 k - a potion of attraction {unknown}
 m - 2 potions of heal wounds {unknown}
 o - a potion of lignification {unknown}
 r - a potion of magic {unknown}
 s - a potion of might {unknown}
 u - a potion of degeneration {unknown}


   Skills:
 + Level 4.2 Fighting
 * Level 11.1 Axes
 + Level 3.3 Armour
 - Level 1.5 Dodging


You had 8 spell levels left.
You didn't know any spells.
Your spell library was empty.

Dungeon Overview and Level Annotations

Branches:
Dungeon (10/15)            Temple (1/1) D:6           Sewer (visited)
   Lair: D:8-11         Orc: D:9-12

Altars:
Ashenzari
Dithmenos
Elyvilon
Gozag
Hepliaklqana
Nemelex Xobeh
Sif Muna
Trog
Uskayaw
Vehumet
Zin
The Shining One


Innate Abilities, Weirdness & Mutations

You have razor-sharp teeth.
Your natural rate of healing is unusually fast.
When hurt, damage is shared between your health and your magic reserves.
Your bite disrupts and absorbs the magic of your enemies.
Potions cannot restore your health.


Message History

The wyvern bites you but does no damage.
The wyvern barely misses you. The wyvern bites you.
You hit the wyvern. Your bite misses the wyvern.
The wyvern is moderately wounded.
The wyvern barely misses you. The wyvern closely misses you.
You closely miss the wyvern. You bite the wyvern! You drain its power.
You feel invigorated.
The wyvern is heavily wounded.
The wyvern bites you! x2
You barely miss the wyvern. Your bite misses the wyvern.
The wyvern is heavily wounded.
The wyvern bites you! x2
* * * LOW HITPOINT WARNING * * *
Your skin crawls.
You feel strong-willed. Trog will no longer gift you weapons.
The wyvern bites you!
* * * LOW HITPOINT WARNING * * *
The wyvern bites you!
You die...

....+ )...#
....# ....#
.<..# ....#
....# #
#####
#..#####
#."l@.#
#########'##
#.(..(.....#
+..........#
#......[...#
#.....†>†..#
#......†)).#
#.......†..#
#..........#


You could see a wyvern.

Vanquished Creatures
  Erica (D:8)
  A water moccasin (D:9)
  An orc warrior (D:6)
  An ice beast (D:6)
  3 ogres
  2 phantoms
  A centaur (D:6)
  A big kobold (D:9)
  3 bullfrogs (D:6)
  2 scorpions
  5 killer bees (D:8)
  A centaur zombie (D:8)
  2 jellies (D:3)
  4 hounds
  A centaur skeleton (D:5)
  2 bullfrog skeletons
  2 iguanas (D:6)
  2 worker ants
  A hound skeleton (D:4)
  A worker ant zombie (D:7)
  10 adders
  7 gnolls
  3 white imps
  7 oozes (D:3)
  An adder zombie (D:6)
  A worm (D:3)
  10 leopard geckos
  6 orcs
  2 ball pythons
  4 giant cockroaches
  2 goblins
  A hobgoblin (D:3)
  9 jackals
  6 quokkas
  3 bats
  4 frilled lizards (Sewer)
  A jackal skeleton (D:6)
  25 kobolds
  2 leopard gecko zombies (D:6)
  A quokka skeleton (D:6)
  A quokka zombie (D:5)
  2 rats (D:2)
145 creatures vanquished.

Vanquished Creatures (others)
  A centaur (D:8)
  An ogre (D:8)
  A scorpion (D:8)
  A giant cockroach (D:8)
  4 fungi (D:3)
  17 plants (Sewer)
  7 toadstools (D:3)
32 creatures vanquished.

Grand Total: 177 creatures vanquished

Notes
Turn   | Place    | Note
-------+----------+-------------------------------------------
     0 | D:1      | ythm the Vine Stalker Berserker began the quest for the
                  | Orb.
     0 | D:1      | Reached XP level 1. HP: 11/11 MP: 2/2
    80 | D:2      | Reached skill level 3 in Axes
    84 | D:2      | Reached XP level 2. HP: 15/16 MP: 3/3
   126 | D:3      | Found a shadowy altar of Dithmenos.
   140 | D:3      | Reached XP level 3. HP: 19/19 MP: 4/4
   146 | D:4      | Reached skill level 4 in Axes
   246 | D:3      | Gained mutation: Your natural rate of healing is unusually
                  | fast. [Vine Stalker growth]
   246 | D:3      | Reached XP level 4. HP: 23/23 MP: 3/5
   294 | D:3      | Reached ** piety under Trog
   368 | D:3      | Reached skill level 5 in Axes
   370 | D:3      | Reached XP level 5. HP: 27/27 MP: 6/6
   516 | D:4      | Noticed a phantom
   527 | D:4      | Killed a phantom
   528 | D:4      | Reached skill level 6 in Axes
   528 | D:4      | Reached XP level 6. HP: 32/32 MP: 5/7
   603 | D:5      | Entered Level 5 of the Dungeon
   717 | D:4      | You fall into a shaft and drop 2 floors!
   718 | D:6      | Noticed an ice beast
   722 | D:6      | Killed an ice beast
   723 | D:6      | Reached skill level 7 in Axes
   723 | D:6      | Reached XP level 7. HP: 4/35 MP: 1/8
   778 | D:6      | Reached *** piety under Trog
   822 | D:6      | Reached skill level 8 in Axes
   865 | D:6      | Found a staircase to the Ecumenical Temple.
   878 | Temple   | Entered the Ecumenical Temple
  1022 | D:6      | Gained mutation: You have razor-sharp teeth. [Vine Stalker
                  | growth]
  1022 | D:6      | Reached XP level 8. HP: 39/39 MP: 9/9
  1057 | D:6      | Found a hide-covered altar of Uskayaw.
  1059 | D:6      | Found a sparkling altar of Nemelex Xobeh.
  1189 | D:6      | Reached skill level 9 in Axes
  1254 | D:6      | Found a glowing drain.
  1265 | Sewer    | Entered a sewer
  1607 | D:5      | Reached **** piety under Trog
  1932 | D:5      | Found an opulent altar of Gozag.
  2032 | D:7      | Found a white marble altar of Elyvilon.
  2084 | D:7      | Reached skill level 10 in Axes
  2169 | D:8      | Reached XP level 9. HP: 17/44 MP: 5/10
  2207 | D:8      | Noticed Erica
  2235 | D:8      | Killed Erica
  2290 | D:10     | Entered Level 10 of the Dungeon
  2315 | D:9      | Reached skill level 11 in Axes
  2326 | D:9      | Reached ***** piety under Trog
  2356 | D:9      | HP: 1/45 [wyvern (7)]
  2356 | D:9      | Mangled by a wyvern

Illustrated notes

Levels and vault maps discovered:
D:1:      dpeg_arrival_houses_and_road, layout_loops_ring
D:2:      layout_rooms, st_stairs_9
D:3:      cheibrodos_fertilizer, layout_basic, general_overflow_altar,
          yredelemnul_forgotten_temple_becter, lemuel_doored_altar,
          grunt_decor_one_mirror, chequers_mini_garden
D:4:      layout_basic
D:5:      layout_basic, nicolae_gozag_cash_rules_everything_around_me,
          hangedman_abyss_or_decor_stabs, ebering_dispersal_statue_hall
D:6:      layout_gridville, grunt_temple_overflow_open,
          minmay_temple_entry_slanted, gup_sewer_entry_pipe
D:7:      layout_basic, overflow_temple_1_default
D:8:      layout_basic, lemuel_zombie_altar_kikubaaqudgha,
          makhleb_blood_cavern_becter, xom_confusion_cloud, uniq_erica
D:9:      layout_roguey, marbit_many_paths, uniq_maurice
D:10:     layout_long_grid, special_room [special_room_bee],
          nicolae_trove_entry_crossroad, small_chamber_with_monster
Temple:   minmay_temple_curvy_loop

Skill      XL: |  1  2  3  4  5  6  7  8  9 |
---------------+----------------------------+-----
Axes           | 3 4 5 6 7 8 10 11 | 11.1
Fighting       | 3 4 |  4.2
Armour         | 2 3 |  3.3
Dodging        | |  1.5

Action                   |  1- 3 |  4- 6 |  7- 9 || total
-------------------------+-------+-------+-------++-------
Melee: Hand axe          |    32 |    55 |       ||    87
       Bite              |    15 |    18 |    58 ||    91
       War axe           |       |     8 |   225 ||   233
Invok: Berserk           |     1 |     5 |     5 ||    11
       Trog's Hand       |       |     1 |     1 ||     2
  Use: Scroll            |       |       |     5 ||     5
       Potion            |       |       |     2 ||     2
Armor: Chain mail        |    38 |    30 |    91 ||   159
       Ring mail         |       |       |    17 ||    17
Dodge: Dodged            |    20 |    23 |   121 ||   164
